 Dungeon Crawl Stone Soup version 0.21.1-1-g345015fe64 (webtiles) character file.

32128 KamiKatze the Cleaver (level 14, 0/166 HPs)
             Began as a Human Berserker on Feb 8, 2018.
             Was a High Priest of Trog.
             Slain by Rupert
             ... wielding a +2 battleaxe of chopping
              (3 damage)
             ... on level 12 of the Dungeon.
             The game lasted 01:31:43 (18973 turns).

KamiKatze the Cleaver (Human Berserker)            Turns: 18973, Time: 01:31:43

Health: 0/166      AC: 23    Str: 33    XL:     14   Next: 1%
Magic:  14/14      EV: 14    Int:  7    God:    Trog [*****.]
Gold:   970        SH:  0    Dex: 13    Spells: 13/13 levels left

rFire    . . .     SeeInvis .   a - +1 war axe
rCold    . . .     Gourm    .   (no shield)
rNeg     . . .     Faith    +   r - +0 plate armour "Suimipn" {rPois MR+} (curse)
rPois    +         Spirit   .   f - +0 helmet
rElec    .         Reflect  .   (no cloak)
rCorr    .         Harm     .   g - +0 pair of gloves
MR       ++++.                  k - +1 pair of boots
Stlth    ..........             E - amulet of faith
HPRegen  1.37/turn              j - +5 ring of strength
MPRegen  0.14/turn              V - +3 ring of protection

@: berserking (expiring), starving, regenerating, very quick
A: no striking features
a: Berserk, Trog's Hand, Brothers in Arms, Burn Spellbooks, Renounce Religion


You were on level 12 of the Dungeon.
You worshipped Trog.
Trog was extremely pleased with you.
You were starving.

You visited 3 branches of the dungeon, and saw 19 of its levels.

You collected 996 gold pieces.
You spent 26 gold pieces at shops.

Inventory:

Hand Weapons
 a - a +1 war axe (weapon)
 b - a +0 dire flail
 G - a +0 battleaxe
Missiles
 x - 15 tomahawks (quivered)
 y - 2 throwing nets
 B - 79 sling bullets
 I - 51 poisoned needles
Armour
 f - a +0 helmet (worn)
 g - a +0 pair of gloves (worn)
 k - a +1 pair of boots (worn)
 o - the +0 cloak of Cesolosi {rPois rF- Str+7 Int-5}
   (You acquired it on level 7 of the Dungeon)

   It affects your strength (+7).
   It affects your intelligence (-5).
   It makes you vulnerable to fire.
   It protects you from poison.
 r - the cursed +0 plate armour "Suimipn" (worn) {rPois MR+}
   (You found it on level 8 of the Dungeon)

   It protects you from poison.
   It affects your resistance to hostile enchantments.
   It has a curse placed upon it.
Jewellery
 j - a +5 ring of strength (left hand)
 E - an amulet of faith (around neck)
 V - a +3 ring of protection (right hand)
Wands
 q - a wand of polymorph (38)
 v - a wand of flame (16)
 K - a wand of digging (22)
 M - a wand of clouds (5)
 N - a wand of random effects (34)
 O - a wand of paralysis (24)
 S - a wand of iceblast (10)
Scrolls
 h - 9 scrolls of magic mapping
 n - 6 scrolls of teleportation
 s - 3 scrolls of fog
 z - 3 scrolls of blinking
 P - a scroll of summoning
Potions
 d - 2 potions of might
 e - 2 potions of haste
 i - 7 potions of curing
 l - a potion of heal wounds
 m - 2 potions of invisibility
 t - 2 potions of flight
 w - 2 potions of magic {unknown}
 D - 2 potions of ambrosia
 F - a potion of lignification
 H - a potion of berserk rage {unknown}
 L - a potion of agility {unknown}
Comestibles
 c - 20 rations


   Skills:
 + Level 10.8 Fighting
 * Level 14.3 Axes
 + Level 10.5 Armour
 + Level 10.5 Dodging


You had 13 spell levels left.
You didn't know any spells.

Dungeon Overview and Level Annotations

Branches:
Dungeon (12/15)            Temple (1/1) D:5            Lair (6/6) D:10
 Shoals (0/4) Lair:3       Spider (0/4) Lair:3        Slime (0/5) Lair:5
    Orc (0/2) D:10

Altars:
Ashenzari
Cheibriados
Dithmenos
Elyvilon
Fedhas
Gozag
Hepliaklqana
Kikubaaqudgha
Makhleb
Nemelex Xobeh
Okawaru
Qazlal
Ru
Sif Muna
Trog
Uskayaw
Vehumet
Wu Jian
Xom
Yredelemnul
Zin
The Shining One
Jiyva

Shops:
D:2 *   D:7 *   D:9 }

Annotations:
D:9 4 runed doors
D:12 Rupert
Lair:5 exclusion: 4 oklob plants
Lair:6 come back here!


Message History

Rupert closely misses you.
You slash Rupert!
Rupert is heavily wounded.
Rupert hits you with a battleaxe of chopping!!
* * * LOW HITPOINT WARNING * * *
x2 You closely miss Rupert.
Rupert is heavily wounded.
You closely miss Rupert.
Rupert is heavily wounded.
Rupert hits you with a battleaxe of chopping!
* * * LOW HITPOINT WARNING * * *
x2 You hit Rupert.
Rupert is heavily wounded.
Rupert hits you but does no damage.
You barely miss Rupert.
Rupert is heavily wounded.
You slash Rupert!
Rupert is severely wounded.
Rupert hits you with a battleaxe of chopping.
You die...

>..... . .....
.. ....
...#...#######.
......#...... .
...........
....##.........
.......@†..$...
#.###..@.......
....#........
#.............
#### .........
#.........
#.........
#.........


You could see Rupert (berserk).

Vanquished Creatures
  Snorg (Lair:3)
  Harold (D:9)
  4 hydras
  A two-headed ogre (D:9)
  6 death yaks
  Nergalle (Lair:3)
  The ghost of tehanu the Basher, a novice GrBe of Trog (D:7)
  A manticore (D:11)
  6 elephants
  6 black mambas
  9 spiny frogs
  A rime drake (Lair:5)
  3 komodo dragons
  A demonic crawler (Lair:2)
  A merfolk (Lair:3)
  6 dream sheep
  4 hippogriffs
  Sigmund (D:2)
  15 yaks
  2 wyverns
  A hungry ghost (D:11)
  A golden eye (shapeshifter) (D:10)
  Grum (D:9)
  9 water moccasins
  8 porcupines
  4 orc warriors
  2 ice beasts
  3 black bears
  3 sky beasts
  3 phantoms
  An eye of draining (D:8)
  2 necrophages
  5 ogres
  2 wolves (D:9)
  4 centaurs
  10 crocodiles
  2 big kobolds (D:11)
  Blork the orc (D:6)
  2 wyvern zombies
  15 bullfrogs
  4 scorpions
  8 wights
  8 killer bees
  2 electric eels (Lair:3)
  4 howler monkeys
  6 crimson imps
  A bullfrog zombie (D:9)
  2 quasits
  5 orc priests
  6 hounds
  A gnoll shaman (D:3)
  5 jellies
  4 bullfrog skeletons
  A centaur skeleton (D:4)
  Terence (D:3)
  Natasha (thrice) (D:4)
  2 iguanas
  6 orc wizards
  16 worker ants
  2 hound zombies
  A hound skeleton (D:6)
  2 worker ant zombies (D:8)
  Robin (D:3)
  5 adders
  8 gnolls (D:3)
  A shadow imp (D:11)
  7 oozes
  2 adder zombies
  6 worms
  A dart slug (D:4)
  A leopard gecko (D:11)
  52 orcs
  9 bats
  4 giant cockroaches
  17 goblins
  5 hobgoblins
  3 jackals (D:10)
  5 quokkas
  A ball python (D:4)
  6 frilled lizards
  17 kobolds
  A leopard gecko skeleton (D:5)
  A leopard gecko zombie (D:5)
  2 quokka skeletons
  2 rats (D:2)
  5 fungi
  A plant (Lair:5)
403 creatures vanquished.

Vanquished Creatures (collateral kills)
  A shadow imp (D:6)
1 creature vanquished.

Vanquished Creatures (others)
  5 fungi
  3 plants
8 creatures vanquished.

Grand Total: 412 creatures vanquished

Notes
Turn   | Place    | Note
-------+----------+-------------------------------------------
     0 | D:1      | KamiKatze the Human Berserker began the quest for the Orb.
     0 | D:1      | Reached XP level 1. HP: 18/18 MP: 1/1
   145 | D:1      | Reached XP level 2. HP: 9/24 MP: 2/2
   808 | D:1      | Reached XP level 3. HP: 26/29 MP: 3/3
   833 | D:2      | Found an opulent altar of Gozag.
   915 | D:2      | Noticed Sigmund
   975 | D:2      | Killed Sigmund
   975 | D:2      | Reached ** piety under Trog
   975 | D:2      | Reached skill level 4 in Axes
   975 | D:2      | Reached XP level 4. HP: 34/37 MP: 4/4
   975 | D:2      | Reached XP level 5. HP: 39/42 MP: 5/5
   975 | D:2      | Reached XP level 6. HP: 44/48 MP: 6/6
  1348 | D:2      | Found Gozag's Platinum Reserve.
  1723 | D:3      | Noticed Terence
  1784 | D:3      | Killed Terence
  1993 | D:3      | Reached skill level 5 in Axes
  2225 | D:3      | Noticed a necrophage
  2236 | D:3      | Killed a necrophage
  2236 | D:3      | Reached XP level 7. HP: 54/54 MP: 7/7
  2597 | D:4      | Noticed Robin
  2618 | D:3      | Killed Robin
  2652 | D:4      | Reached *** piety under Trog
  3176 | D:3      | Reached XP level 8. HP: 39/61 MP: 8/8
  3178 | D:3      | Reached skill level 6 in Axes
  3362 | D:4      | Noticed Natasha
  3367 | D:4      | Killed Natasha
  3662 | D:4      | Noticed Natasha
  3670 | D:4      | Killed Natasha
  3730 | D:4      | Noticed Natasha
  3744 | D:4      | Killed Natasha
  3759 | D:5      | Entered Level 5 of the Dungeon
  3830 | D:4      | Reached skill level 5 in Fighting
  4012 | D:5      | Found a staircase to the Ecumenical Temple.
  4016 | Temple   | Entered the Ecumenical Temple
  4734 | D:5      | Reached skill level 7 in Axes
  4921 | D:5      | Reached skill level 5 in Dodging
  4921 | D:5      | Reached XP level 9. HP: 68/68 MP: 9/9
  5009 | D:5      | Reached skill level 5 in Armour
  5025 | D:5      | Found an iron altar of Okawaru.
  5776 | D:6      | Reached **** piety under Trog
  5849 | D:6      | Noticed Blork the orc
  6050 | D:6      | Reached skill level 8 in Axes
  6071 | D:6      | Found a shimmering altar of Xom.
  6707 | D:6      | Killed Blork the orc
  7102 | D:7      | Noticed a hippogriff
  7184 | D:7      | Noticed tehanu's ghost (novice GrBe)
  7957 | D:7      | Killed a hippogriff
  7957 | D:7      | Reached XP level 10. HP: 74/77 MP: 10/10
  7964 | D:7      | Reached skill level 9 in Axes
  8033 | D:7      | Found Xyheocuo's General Store.
  8309 | D:8      | Got a smelly plate armour
  8904 | D:9      | Found Kumok's Gadget Emporium.
  9261 | D:9      | Noticed a two-headed ogre
  9289 | D:9      | Killed a two-headed ogre
  9289 | D:9      | Reached skill level 10 in Axes
  9351 | D:9      | Found a huge runed gate.
  9352 | D:9      | Found a huge runed gate.
  9353 | D:9      | Found a huge runed gate.
  9354 | D:9      | Found a huge runed gate.
  9634 | D:9      | Reached XP level 11. HP: 84/84 MP: 11/11
  9798 | D:9      | Noticed Grum
  9929 | D:9      | Killed Grum
 10099 | D:10     | Entered Level 10 of the Dungeon
 10099 | D:10     | Noticed Harold
 10114 | D:9      | Killed Harold
 10352 | D:10     | Reached ***** piety under Trog
 10436 | D:10     | Reached skill level 11 in Axes
 10727 | D:10     | Found a staircase to the Lair.
 10757 | D:10     | Found a staircase to the Orcish Mines.
 11140 | D:11     | Noticed a manticore
 11158 | D:11     | Killed a manticore
 11579 | D:11     | Got a transparent falchion
 11788 | Lair:1   | Entered Level 1 of the Lair of Beasts
 11822 | Lair:1   | Identified the cursed +0 plate armour "Suimipn" {rPois MR+} (You found it on level 8 of the Dungeon)
 12953 | Lair:1   | Reached XP level 12. HP: 87/94 MP: 12/12
 13449 | Lair:2   | Reached skill level 12 in Axes
 13682 | Lair:2   | Received a gift from Trog
 14154 | Lair:3   | Found a hole to the Spider Nest.
 14235 | Lair:3   | Noticed Nergalle
 14340 | Lair:3   | Noticed a death yak
 14341 | Lair:3   | Noticed a death yak
 14351 | Lair:3   | Noticed a seven-headed hydra
 14667 | Lair:3   | Noticed a death yak
 14668 | Lair:3   | Noticed a death yak
 14668 | Lair:3   | Noticed a death yak
 14669 | Lair:3   | Noticed a death yak
 14700 | Lair:2   | Killed a death yak
 14746 | Lair:2   | Killed a death yak
 14997 | Lair:3   | Killed a seven-headed hydra
 15072 | Lair:3   | Noticed Snorg
 15114 | Lair:2   | Reached skill level 13 in Axes
 15136 | Lair:3   | Killed Snorg
 15136 | Lair:3   | Reached XP level 13. HP: 84/103 MP: 13/13
 15490 | Lair:3   | Killed Nergalle
 15561 | Lair:3   | Reached skill level 10 in Fighting
 16040 | Lair:3   | Found a staircase to the Shoals.
 16213 | Lair:4   | Reached skill level 10 in Armour
 16213 | Lair:4   | Reached skill level 10 in Dodging
 17097 | Lair:5   | Noticed a seven-headed hydra
 17139 | Lair:5   | Noticed a five-headed hydra
 17454 | Lair:5   | Killed a seven-headed hydra
 17454 | Lair:5   | Reached skill level 14 in Axes
 17490 | Lair:5   | Noticed a five-headed hydra
 17626 | Lair:5   | Killed a five-headed hydra
 17808 | Lair:5   | Killed a five-headed hydra
 18326 | Lair:5   | Found a viscous altar of Jiyva.
 18326 | Lair:5   | Found a staircase to the Slime Pits.
 18568 | Lair:6   | Entered Level 6 of the Lair of Beasts
 18568 | Lair:6   | Noticed a seven-headed hydra
 18816 | D:7      | Killed tehanu's ghost
 18831 | D:7      | Bought a scroll of identify for 26 gold pieces
 18837 | D:7      | Identified a scroll of acquirement
 18838 | D:7      | Got a faintly humming cloak
 18844 | D:7      | Identified the +0 cloak of Cesolosi {rPois rF- Str+7 Int-5} (You acquired it on level 7 of the Dungeon)
 18924 | D:11     | Received a gift from Trog
 18931 | D:12     | Noticed Rupert
 18942 | D:11     | Reached XP level 14. HP: 97/111 MP: 14/14
 18970 | D:12     | HP: 2/166 [Rupert/battleaxe of chopping (9)]
 18973 | D:12     | Slain by Rupert

Skill      XL: |  1  2  3  4  5  6  7  8  9 10 11 12 13 |
---------------+----------------------------------------+-----
Axes           | 4 5 7 8 10 11 13 14 | 14.3
Armour         | 3 4 6 7 8 9 10 | 10.5
Dodging        | 3 4 5 6 7 8 9 10 | 10.5
Fighting       | 4 5 6 7 8 9 10 | 10.8

Action                   |  1- 3 |  4- 6 |  7- 9 | 10-12 | 13-15 || total
-------------------------+-------+-------+-------+-------+-------++-------
Melee: Hand axe          |    93 |   141 |   655 |     6 |       ||   895
       War axe           |       |       |       |   900 |   347 ||  1247
       Dire flail        |       |       |       |     3 |    27 ||    30
Throw: Tomahawk          |       |       |     7 |     6 |       ||    13
       Stone             |       |       |     5 |       |       ||     5
Invok: Berserk           |     1 |     2 |    13 |     9 |    10 ||    35
       Trog's Hand       |       |     1 |     4 |    10 |     8 ||    23
       Burn Spellbooks   |       |       |       |     1 |       ||     1
Evoke: Wand              |       |       |       |     9 |       ||     9
  Use: Scroll            |     1 |       |    12 |    10 |     3 ||    26
       Potion            |       |       |     1 |       |       ||     1
  Eat: Chunk             |       |     7 |    27 |    28 |    13 ||    75
       Ration            |       |       |     1 |     3 |     4 ||     8
Armor: Animal skin       |    13 |       |       |       |       ||    13
       Ring mail         |    14 |    20 |       |       |       ||    34
       Scale mail        |       |    24 |   198 |       |       ||   222
       Chain mail        |       |       |    36 |   275 |       ||   311
       Plate armour      |       |       |       |   190 |   203 ||   393
Dodge: Dodged            |    53 |    76 |   387 |   534 |   223 ||  1273
